 Dungeon Crawl Stone Soup version 0.28.0-53-g5a82cb258f (webtiles) character file.

Game seed: 15989093802405175293

49 firemarshallily the Chopper (level 3, 0/26 HPs)
             Began as an Octopode Berserker on June 21, 2022.
             Was a Follower of Trog.
             Succumbed to an adder's poison
             ... on level 2 of the Dungeon.
             The game lasted 00:02:14 (661 turns).

firemarshallily the Chopper (Octopode Berserker)     Turns: 661, Time: 00:02:15

Health: 0/26       AC:  1    Str: 24    XL:     3   Next: 77%
Magic:  3/3        EV: 13    Int:  9    God:    Trog [*.....]
Gold:   61         SH:  4    Dex: 11    Spells: 2/2 levels left

rFire   . . .      SeeInvis .   a - +0 hand axe
rCold   . . .      Faith    .   b - +0 buckler
rNeg    . . .      Spirit   .   (helmet restricted)
rPois   .          Reflect  .   (no amulet)
rElec   .          Harm     .   e - +6 ring of strength
rCorr   .          Rampage  .   (no ring)
Will    .....                   (no ring)
Stlth   ++........              (no ring)
HPRegen 0.08/turn               (no ring)
MPRegen 0.08/turn               (no ring)
                                (no ring)
                                (no ring)

@: lethally poisoned (0 -> -7)
A: almost no armour, amphibious, 8 rings, camouflage 1, gelatinous body 1,
(nimble swimmer 1), tentacles
a: Renounce Religion, Berserk


You were on level 2 of the Dungeon.
You worshipped Trog.
Trog was aware of your devotion.
You visited 1 branch of the dungeon, and saw 2 of its levels.

You collected 61 gold pieces.

Inventory:

Hand Weapons
 a - a +0 hand axe (weapon)
Armour
 b - a +0 buckler (worn)
Jewellery
 e - a +6 ring of strength (left tentacle)
Scrolls
 d - a scroll of identify
 f - a scroll of silence
Potions
 c - 2 potions of resistance


   Skills:
 + Level 3.3 Fighting
 * Level 3.7 Axes
 - Level 3.0 Dodging
 * Level 1.9 Shields


You had 2 spell levels left.
You didn't know any spells.
Your spell library was empty.

Dungeon Overview and Level Annotations

Branches:
Dungeon (2/15)

Altars:


Innate Abilities, Weirdness & Mutations

You cannot wear most types of armour.
You are amphibious.
You can wear up to eight rings at the same time.
Your skin changes colour to match your surroundings (Stealth+).
Your rubbery body absorbs attacks. (AC +1, EV +1)
((You are camouflaged when in or above water. (Stealth+)))
You have tentacles for arms and can constrict up to eight enemies at once.


Message History

You squeeze the adder.
The adder is lightly wounded.
The adder completely misses you. The adder barely misses you.
You closely miss the adder. Your grab misses the adder. You squeeze the adder.
The adder is heavily wounded.
The adder bites you.
You are poisoned.
The adder poisons you!
You barely miss the adder. Your grab misses the adder.
The adder is heavily wounded.
You feel sick. The adder bites you.
You are more poisoned.
The adder poisons you! The adder bites you.
You hit the adder but do no damage. Your grab misses the adder.
The adder is heavily wounded.
You barely miss the frilled lizard.
You feel very sick. You block the adder's attack.
The frilled lizard barely misses you. The adder bites you.
* * * LOW HITPOINT WARNING * * *
You are lethally poisoned!
The adder poisons you!
Okay, then.
You hit the adder. Your grab misses the adder. You squeeze the adder.
You kill the adder!
Trog accepts your kill.
You barely miss the frilled lizard.
* * * LOW HITPOINT WARNING * * *
You feel very sick. The frilled lizard barely misses you.
You closely miss the frilled lizard. You grab the frilled lizard.
Your squeeze misses the frilled lizard. You constrict the frilled lizard.
You kill the frilled lizard!
Trog accepts your kill.
* * * LOW HITPOINT WARNING * * *
You feel very sick.
Okay, then.
There is a lethal amount of poison in your body!
There is a lethal amount of poison in your body!
You die...

#.##...## ##.#.....#
#........#
#........#
#........#
#........#
#....#†#.# #....@..#
#####.#### ######
#....# #.....
#....#### ###.....
##.......# #...)...
#.....<#.###.......
#.....##...........
#.....##...........
....#...'...........


There were no monsters in sight!

Vanquished Creatures
  Jessica (D:2)
  An adder (D:2)
  A ball python (D:1)
  An endoplasm (D:1)
  A giant cockroach (D:2)
  2 goblins (D:1)
  A hobgoblin (D:1)
  A kobold (D:1)
  2 quokkas (D:1)
  2 frilled lizards
  A rat (D:2)
14 creatures vanquished.

Notes
Turn   | Place    | Note
-------+----------+-------------------------------------------
     0 | D:1      | firemarshallily the Octopode Berserker began the quest for
                  | the Orb.
     0 | D:1      | Reached XP level 1. HP: 16/16 MP: 1/1
   422 | D:1      | Reached XP level 2. HP: 21/21 MP: 2/2
   424 | D:1      | Reached skill level 1 in Shields
   550 | D:2      | Noticed Jessica
   555 | D:2      | Killed Jessica
   556 | D:2      | Reached XP level 3. HP: 19/26 MP: 3/3
   660 | D:2      | HP: 1/26 [poisoned by an adder]
   661 | D:2      | Succumbed to an adder's poison

Illustrated notes

Levels and vault maps discovered:
D:1:      saegor_arrival_simple_c, layout_basic, minmay_misc_feat_encased
D:2:      layout_basic, ebering_ecumenical_altar_rust, uniq_natasha,
          uniq_jessica

Skill      XL: |  1  2 |
---------------+-------+-----
Shields        | 1 |  1.9
Fighting       | |  3.3
Axes           | |  3.7
Dodging        | |  3.0

Action                   || total
-------------------------++-------
Melee: Hand axe          ||    25
       Constrict         ||     3
       Tentacles         ||     4
  Use: Scroll            ||     2
 Stab: Sleeping          ||     4
Dodge: Dodged            ||    14
Block: Buckler           ||     6
